 Dungeon Crawl Stone Soup version 0.20.1-1-g8b1a95d (webtiles) character file.

7674 WiZmei the Basher (level 10, -1/80 HPs)
             Began as a Demonspawn Berserker on Nov 29, 2017.
             Was a High Priest of Trog.
             Slain by an unseen horror (5 damage)
             ... on level 11 of the Dungeon.
             The game lasted 00:57:46 (11153 turns).

WiZmei the Basher (Demonspawn Berserker)           Turns: 11153, Time: 00:57:47

Health: -1/80      AC: 14    Str: 20    XL:     10   Next: 99%
Magic:  10/10      EV: 10    Int: 10    God:    Trog [*****.]
Gold:   716        SH:  0    Dex: 12    Spells: 9/9 levels left

rFire    + . .     SeeInvis .   r - +5 flail (protect)
rCold    + . .     Gourm    .   (no shield)
rNeg     . . .     Faith    .   E - +2 chain mail {rC+}
rPois    .         Spirit   .   u - +1 hat
rElec    +         Reflect  .   (no cloak)
rCorr    .         Harm     .   (no gloves)
MR       .....                  C - +0 pair of boots "Esmaut" {rElec}
Stlth    +.........             (no amulet)
Regen    0.3/turn               t - ring of protection from fire
MPRegen  0.2/turn               (no ring)

@: no status effects
A: horns 2, icy blue scales 2, blurry vision 1, deformed body, demonic guardian
1, nightstalker 2
a: Berserk, Trog's Hand, Brothers in Arms, Burn Spellbooks, Renounce Religion


You were on level 11 of the Dungeon.
You worshipped Trog.
Trog was extremely pleased with you.
You were not hungry.

You visited 2 branches of the dungeon, and saw 12 of its levels.

You collected 716 gold pieces.

Inventory:

Hand Weapons
 l - a +2 halberd of chopping
 r - a +5 flail of protection (weapon)
Missiles
 D - 4 tomahawks of returning (quivered)
Armour
 u - a +1 hat (worn)
 C - the +0 pair of boots "Esmaut" (worn) {rElec}
   (You found it on level 6 of the Dungeon)

   It insulates you from electricity.
 E - a +2 chain mail of cold resistance (worn)
Jewellery
 t - a ring of protection from fire (left hand)
Wands
 a - a wand of iceblast (8/15)
 h - a wand of lightning (9/15)
Scrolls
 b - a scroll of remove curse
 e - 8 scrolls of teleportation
 j - a scroll of blinking
 k - a scroll of fog
 o - a scroll of noise {unknown}
Potions
 f - a potion of agility {unknown}
 i - a potion of lignification {unknown}
 n - a potion of berserk rage {unknown}
 q - 3 potions of flight
 v - a potion of invisibility {unknown}
 w - a potion of degeneration {unknown}
 z - 2 potions of magic {unknown}
 A - 2 potions of brilliance
 F - a potion of might {unknown}
 G - a potion of mutation {unknown}
Comestibles
 c - 3 bread rations
 d - 2 chunks of flesh
 g - 3 royal jellies
 m - 4 fruits
 s - 3 meat rations


   Skills:
 + Level 7.9 Fighting
   Level 1.3 Short Blades
 + Level 10.3 Maces & Flails
 + Level 8.2 Armour
 + Level 5.1 Dodging
 + Level 3.3 Stealth


You had 9 spell levels left.
You didn't know any spells.

Dungeon Overview and Level Annotations

Branches:
Dungeon (11/15)            Temple (1/1) D:6
   Lair: D:8-11         Orc: D:9-12

Altars:
Cheibriados
Fedhas
Gozag
Kikubaaqudgha
Nemelex Xobeh
Qazlal
Ru
Vehumet
Yredelemnul


Innate Abilities, Weirdness & Mutations

You have a pair of horns on your head.
You are mostly covered in icy blue scales. (AC +3)
A weak demonic guardian rushes to your aid.
You are significantly more attuned to the shadows.
Scrolls take you a little longer to read.
Armour fits poorly on your strangely shaped body.


Message History

* * * LOW HITPOINT WARNING * * *
Something hits you but does no damage. Something hits you but does no damage.
Something hits you but does no damage. Something hits you.
* * * LOW HITPOINT WARNING * * *
Something hits you but does no damage. Something completely misses you.
Something hits you but does no damage. Something hits you but does no damage.
Something hits you but does no damage. Something hits you!
* * * LOW HITPOINT WARNING * * *
Something hits you but does no damage. Something hits you but does no damage.
Something hits you but does no damage.
You feel better. Something hits you.
* * * LOW HITPOINT WARNING * * *
Something hits you but does no damage. Something hits you.
You die...

#[....<......
#............
#.......###+#
#..####.#
#..# #.# #..#
#.# #..# #.#
#..# #.# #@.#
#.# #..####.#
#.......#
#.......#
#.......#
#.####..# #.#
#..#
#.####..#
#.......#


There were no monsters in sight!

Vanquished Creatures
  A two-headed ogre (D:8)
  A troll (D:10)
  3 polar bears
  5 hippogriffs (D:9)
  A wyvern (D:10)
  3 yaks
  A steam dragon (D:9)
  2 hogs (D:10)
  A hungry ghost (D:10)
  A water moccasin (D:10)
  2 black bears (D:9)
  2 orc warriors
  An eye of draining (D:11)
  A sky beast (D:6)
  2 ice beasts
  3 phantoms
  3 ogres
  2 wolves
  5 centaurs
  A big kobold (D:10)
  5 bullfrogs
  3 killer bees (D:8)
  2 wights (D:6)
  4 crimson imps
  A bullfrog zombie (D:10)
  A centaur zombie (D:9)
  5 hounds
  A jelly (D:5)
  A quasit (D:8)
  A bullfrog skeleton (D:7)
  5 orc priests
  3 centaur skeletons
  2 iguanas
  4 orc wizards
  7 worker ants
  A killer bee zombie (D:9)
  A hound zombie (D:7)
  Robin (D:4)
  14 adders
  6 gnolls
  2 worker ant zombies
  4 shadow imps
  2 adder zombies
  An adder skeleton (D:9)
  2 worms
  10 leopard geckos
  33 orcs
  9 bats
  5 giant cockroaches
  2 gnoll zombies (D:4)
  13 goblins
  11 hobgoblins
  9 jackals
  6 quokkas
  A ball python (D:3)
  10 frilled lizards
  9 kobolds
  7 rats
245 creatures vanquished.

Vanquished Creatures (collateral kills)
  A wyvern (D:9)
  An orc warrior (D:6)
  2 ice beasts
  An ogre (D:8)
  Blork the orc (D:4)
  A gnoll sergeant (D:8)
  A bullfrog (D:7)
  A killer bee (D:8)
  A wight (D:6)
  A crimson imp (D:6)
  2 hounds (D:9)
  An orc priest (D:9)
  A gnoll (D:7)
  An adder (D:6)
  2 orcs (D:9)
18 creatures vanquished.

Vanquished Creatures (others)
  A fungus (D:11)
1 creature vanquished.

Grand Total: 264 creatures vanquished

Notes
Turn   | Place    | Note
-------+----------+-------------------------------------------
     0 | D:1      | WiZmei the Demonspawn Berserker began the quest for the Orb.
     0 | D:1      | Reached XP level 1. HP: 18/18 MP: 1/1
   120 | D:1      | Reached skill level 3 in Maces & Flails
   354 | D:1      | Gained mutation: You are slightly more attuned to the shadows. [demonic ancestry]
   354 | D:1      | Reached XP level 2. HP: 17/24 MP: 2/2
  1174 | D:2      | Found an opulent altar of Gozag.
  1178 | D:2      | Gained mutation: You are partially covered in icy blue scales. (AC +2) [demonic ancestry]
  1178 | D:2      | Reached XP level 3. HP: 29/29 MP: 3/3
  1566 | D:2      | Found a snail-covered altar of Cheibriados.
  1830 | D:2      | Reached ** piety under Trog
  2133 | D:3      | Reached skill level 1 in Stealth
  2135 | D:3      | Gained mutation: You have a pair of small horns on your head. [demonic ancestry]
  2135 | D:3      | Reached XP level 4. HP: 12/35 MP: 4/4
  2386 | D:3      | Found a radiant altar of Vehumet.
  2769 | D:4      | Gained mutation: A weak demonic guardian rushes to your aid. [demonic ancestry]
  2769 | D:4      | Reached XP level 5. HP: 40/42 MP: 5/5
  2812 | D:4      | Noticed Blork the orc
  2819 | D:4      | Killed Blork the orc
  2819 | D:4      | Reached skill level 1 in Short Blades
  2991 | D:4      | Found a basalt altar of Yredelemnul.
  3102 | D:4      | Reached skill level 4 in Maces & Flails
  3102 | D:4      | Gained mutation: You are mostly covered in icy blue scales. (AC +3) [demonic ancestry]
  3102 | D:4      | Reached XP level 6. HP: 28/48 MP: 6/6
  3322 | D:4      | Noticed Robin
  3336 | D:4      | Killed Robin
  3579 | D:5      | Entered Level 5 of the Dungeon
  3784 | D:5      | Reached skill level 5 in Maces & Flails
  3784 | D:5      | Gained mutation: You have a pair of horns on your head. [demonic ancestry]
  3784 | D:5      | Reached XP level 7. HP: 31/54 MP: 7/7
  4107 | D:5      | Found a sparkling altar of Nemelex Xobeh.
  4390 | D:5      | Reached *** piety under Trog
  4979 | D:6      | Reached skill level 6 in Maces & Flails
  5006 | D:6      | Reached XP level 8. HP: 59/61 MP: 8/8
  5041 | D:6      | Got a pair of translucent boots
  5286 | D:6      | Found a staircase to the Ecumenical Temple.
  5296 | Temple   | Entered the Ecumenical Temple
  5357 | D:6      | Reached skill level 5 in Fighting
  5370 | D:6      | Gained mutation: Scrolls take you a little longer to read. [mutagenic meat]
  5377 | D:6      | Reached skill level 7 in Maces & Flails
  5396 | D:6      | Gained mutation: Armour fits poorly on your strangely shaped body. [mutagenic meat]
  5411 | D:6      | Found an ancient bone altar of Kikubaaqudgha.
  5621 | D:6      | Reached **** piety under Trog
  6132 | D:7      | Reached XP level 9. HP: 42/68 MP: 9/9
  6153 | D:7      | Found a stormy altar of Qazlal.
  6263 | D:7      | Reached skill level 8 in Maces & Flails
  6319 | D:7      | Identified the cursed +0 pair of boots "Esmaut" {rElec} (You found it on level 6 of the Dungeon)
  7413 | D:8      | Reached skill level 5 in Armour
  7453 | D:8      | Noticed a two-headed ogre
  7461 | D:8      | Killed a two-headed ogre
  7898 | D:9      | HP: 2/71 [orc priest/divine providence (13)]
  8232 | D:9      | Reached skill level 9 in Maces & Flails
  8241 | D:9      | Found a blossoming altar of Fedhas.
  8365 | D:9      | Found a huge runed gate.
  8386 | D:9      | Found a huge runed gate.
  8386 | D:9      | Noticed a polar bear
  8387 | D:9      | Found a huge runed gate.
  8388 | D:9      | Noticed a polar bear
  8388 | D:9      | Noticed a polar bear
  8388 | D:9      | Found a huge runed gate.
  8402 | D:9      | Reached ***** piety under Trog
  8511 | D:9      | Gained mutation: You are significantly more attuned to the shadows. [demonic ancestry]
  8511 | D:9      | Reached XP level 10. HP: 44/77 MP: 10/10
  8538 | D:10     | Entered Level 10 of the Dungeon
  9800 | D:9      | Reached skill level 10 in Maces & Flails
 10333 | D:10     | Reached skill level 5 in Dodging
 11147 | D:11     | HP: 1/80 [something (8)]
 11152 | D:11     | HP: 3/80 [something (5)]
 11153 | D:11     | Slain by an unseen horror

Skill      XL: |  1  2  3  4  5  6  7  8  9 10 |
---------------+-------------------------------+-----
Maces & Flails | 3 4 5 6 7 9 10 | 10.3
Dodging        | 2 3 4 5 |  5.1
Stealth        | 1 2 3 |  3.3
Short Blades   | 1 |  1.3
Fighting       | 4 5 6 7 |  7.9
Armour         | 2 3 4 6 8 |  8.2

Action                   |  1- 3 |  4- 6 |  7- 9 | 10-12 || total
-------------------------+-------+-------+-------+-------++-------
Melee: Mace              |   106 |       |       |       ||   106
       Short sword       |    41 |    21 |       |       ||    62
       Flail             |       |   129 |   338 |   198 ||   665
       Headbutt          |       |    25 |    59 |    39 ||   123
Invok: Burn Spellbooks   |       |       |     2 |       ||     2
  Use: Scroll            |     7 |     4 |    12 |     1 ||    24
       Potion            |       |       |     4 |     8 ||    12
 Stab: Sleeping          |     2 |     3 |       |     1 ||     6
       Distracted        |       |     1 |     3 |     2 ||     6
  Eat: Chunk             |     1 |     5 |     3 |     6 ||    15
       Royal jelly       |     1 |       |       |       ||     1
       Bread ration      |       |     1 |     2 |       ||     3
       Fruit             |       |       |     1 |     1 ||     2
       Meat ration       |       |       |     1 |       ||     1
Armor: Animal skin       |    96 |    29 |       |       ||   125
       Leather armour    |       |     2 |       |       ||     2
       Chain mail        |       |    69 |   334 |   274 ||   677
       Ring mail         |       |     5 |       |       ||     5
Dodge: Dodged            |   186 |   127 |   236 |   184 ||   733
